[Event "ROU-chT 1st League 2019"]
[Site "Mamaia"]
[Date "2019.09.29"]
[Round "9.24"]
[White "Jiroveanu, George"]
[Black "Balla, Tamas-Kristof"]
[Result "0-1"]
[ECO "B23"]
[WhiteElo "2241"]
[BlackElo "2335"]
[Annotator "NA"]
[PlyCount "140"]
[EventDate "2019.09.21"]
[EventType "team-tourn"]
[EventCountry "ROU"]
[SourceTitle "playchess.com"]
[Source "ChessBase"]
[SourceQuality "1"]
[TimeControl "40/5400+30:1800+30"]

1. e4 c5 2. Nc3 Nc6 3. f4 g6 4. Nf3 Bg7 5. d3 d6 6. g3 Rb8 7. Bg2 b5 8. O-O e6 9. Ng5 h6 10. e5 d5 11. Nf3 b4 12. Na4 Qa5 13. b3 Nge7 14. Qe1 Ba6 15. Qf2 c4 16. Nc5 cxd3 17. cxd3 Rc8 18. Nxa6 Qxa6 19. Rd1 O-O 20. Bh3 Rc7 21. Bb2 Rfc8 22. g4 Nd8 23. Rd2 Qb6 24. d4 a5 25. f5 exf5 26. gxf5 Nxf5 27. Bxf5 gxf5 28. Nh4 f6 29. Nxf5 fxe5 30. dxe5 Qg6+ 31. Ng3 Rc2 32. Rad1 Ne6 33. Qf5 Kh7 34. h4 Bh8 35. Qxg6+ Kxg6 36. Nf1 d4 37. Bxd4 Nxd4 38. Rxd4 Bxe5 39. Rd5 Bc7 40. R1d2 Rc1 41. h5+ Kf6 42. Rd1 Rg8+ 43. Kf2 Rxd1 44. Rxd1 Rg5 45. Ne3 Ke6 46. Rh1 Bb6 47. Kf3 Bxe3 48. Kxe3 Rg2 49. Kd4 Rxa2 50. Rg1 Rd2+ 51. Ke4 Rb2 52. Ra1 Rxb3 53. Rxa5 Kf6 54. Kf4 Rb1 55. Ra6+ Kg7 56. Ra7+ Kf8 57. Ra8+ Ke7 58. Ke4 b3 59. Kd3 Kf6 60. Rb8 Kg5 61. Rb5+ Kg4 62. Kc3 Rh1 63. Kd4 Rh3 64. Ke4 Rg3 65. Rb6 Kxh5 66. Kf4 Rc3 67. Rb5+ Kh4 68. Rb6 h5 69. Rb4 Kh3 70. Kg5 Kg3 0-1

[Event "ROU-chT 1st League 2019"]
[Site "Mamaia"]
[Date "2019.09.29"]
[Round "9.25"]
[White "Parligras, Mircea-Emilian"]
[Black "Macovei, Andrei"]
[Result "1/2-1/2"]
[ECO "B11"]
[WhiteElo "2629"]
[BlackElo "2426"]
[Annotator "ChessBase"]
[PlyCount "127"]
[EventDate "2019.09.21"]
[EventType "team-tourn"]
[EventCountry "ROU"]
[SourceTitle "playchess.com"]
[Source "ChessBase"]
[SourceQuality "1"]
[TimeControl "40/5400+30:1800+30"]

1. e4 c6 2. Nf3 d5 3. Nc3 Bg4 4. h3 Bxf3 5. Qxf3 e6 6. d4 Nf6 7. exd5 cxd5 8. Bd3 Nc6 9. Ne2 g6 10. c3 Bg7 11. O-O O-O 12. Bf4 Re8 13. Rfd1 e5 14. dxe5 Nxe5 15. Bxe5 Rxe5 16. Bc2 Qb6 17. Nf4 Rae8 18. Bb3 Qb5 19. Nxd5 Rf5 20. Nxf6+ Rxf6 21. Qg4 Qe2 22. Rf1 Bf8 23. Qd4 Kg7 24. Bc4 Qc2 25. b4 Re4 26. Qd3 Qxd3 27. Bxd3 Re7 28. a3 Rd6 29. Rfd1 Red7 30. Be2 Rxd1+ 31. Bxd1 Be7 32. c4 Bf6 33. Rb1 Rd3 34. Bf3 Rxa3 35. Bxb7 Ra1 36. Rxa1 Bxa1 37. c5 Kf6 38. Kf1 Ke7 39. Bd5 Bc3 40. b5 Bd4 41. c6 Bb6 42. Ke2 Bc7 43. Kd3 Bb6 44. f3 Bc7 45. Bb3 g5 46. Ke4 Kf6 47. Kd5 Ke7 48. Bc2 h6 49. Bf5 h5 50. g4 hxg4 51. Bxg4 f6 52. Ke4 Ba5 53. Kf5 Bd2 54. Bh5 Bc3 55. Bf7 Kd6 56. Be6 Kc7 57. Kg6 Bb2 58. Bd5 Bc3 59. Kf5 Bb2 60. f4 Bc1 61. Bf3 Kd6 62. Kg4 Kc7 63. Bg2 Kd6 64. Bf3 1/2-1/2

[Event "ROU-chT 1st League 2019"]
[Site "Mamaia"]
[Date "2019.09.29"]
[Round "9.26"]
[White "Schitco, Ivan"]
[Black "Deac, Bogdan-Daniel"]
[Result "1/2-1/2"]
[ECO "E06"]
[WhiteElo "2492"]
[BlackElo "2613"]
[Annotator "ChessBase"]
[PlyCount "62"]
[EventDate "2019.09.21"]
[EventType "team-tourn"]
[EventCountry "ROU"]
[SourceTitle "playchess.com"]
[Source "ChessBase"]
[SourceQuality "1"]
[TimeControl "40/5400+30:1800+30"]

1. d4 Nf6 2. c4 e6 3. g3 d5 4. Bg2 Be7 5. Nf3 O-O 6. Nc3 dxc4 7. Ne5 Qd6 8. O-O Qa6 9. a4 Nc6 10. Nb5 Nxe5 11. dxe5 Rd8 12. Bd2 Ne8 13. Qc2 Bd7 14. Qxc4 Bc6 15. Rfd1 Bd5 16. Qc2 Bxg2 17. Kxg2 c6 18. Nc3 c5 19. Be3 Nc7 20. Qe4 Qb6 21. Qc4 Qc6+ 22. f3 Nd5 23. Bf2 Nxc3 24. bxc3 a6 25. a5 Rxd1 26. Rxd1 Rd8 27. Rb1 Rd7 28. Rb6 Qc8 29. Rb1 Qc6 30. Rb6 Qc8 31. Rb1 Qc6 1/2-1/2

[Event "ROU-chT 1st League 2019"]
[Site "Mamaia"]
[Date "2019.09.29"]
[Round "9.27"]
[White "Svetushkin, Dmitry"]
[Black "Dicu, Razvan-Stefan"]
[Result "1-0"]
[ECO "B40"]
[WhiteElo "2534"]
[BlackElo "2291"]
[Annotator "ChessBase"]
[PlyCount "71"]
[EventDate "2019.09.21"]
[EventType "team-tourn"]
[EventCountry "ROU"]
[SourceTitle "playchess.com"]
[Source "ChessBase"]
[SourceQuality "1"]
[TimeControl "40/5400+30:1800+30"]

1. e4 c5 2. Nf3 e6 3. d3 Nc6 4. g3 g6 5. c3 Bg7 6. Bg2 Nge7 7. Be3 b6 8. d4 cxd4 9. cxd4 d5 10. e5 a5 11. O-O Ba6 12. Re1 h6 13. h4 O-O 14. Nc3 Rc8 15. Qd2 Nf5 16. Bf4 Nb4 17. Bf1 Bxf1 18. Kxf1 h5 19. Kg2 Qd7 20. a3 Nc6 21. Bg5 b5 22. Qf4 b4 23. Ne2 bxa3 24. bxa3 Nce7 25. g4 hxg4 26. Qxg4 Rc2 27. h5 Rb8 28. Nf4 Rb3 29. Bxe7 Qxe7 30. hxg6 Rxf3 31. Kxf3 Nh4+ 32. Kg3 Rc3+ 33. Kh2 Nf3+ 34. Kh1 Nxe1 35. Rxe1 Rxa3 36. Rb1 1-0

[Event "ROU-chT 1st League 2019"]
[Site "Mamaia"]
[Date "2019.09.29"]
[Round "9.28"]
[White "Pop, Alexandru"]
[Black "Iordachescu, Viorel"]
[Result "0-1"]
[ECO "A05"]
[WhiteElo "2274"]
[BlackElo "2602"]
[Annotator "ChessBase"]
[PlyCount "84"]
[EventDate "2019.09.21"]
[EventType "team-tourn"]
[EventCountry "ROU"]
[SourceTitle "playchess.com"]
[Source "ChessBase"]
[SourceQuality "1"]
[TimeControl "40/5400+30:1800+30"]

1. Nf3 Nf6 2. c4 g6 3. d4 Bg7 4. e3 O-O 5. Be2 c5 6. d5 e6 7. Nc3 d6 8. O-O exd5 9. cxd5 Bg4 10. h3 Bxf3 11. Bxf3 a6 12. a4 Nbd7 13. Re1 Re8 14. e4 c4 15. Be3 Rc8 16. Qc2 Nc5 17. Rad1 Nd3 18. Rf1 Qa5 19. Bd2 Qb6 20. Rb1 Qb3 21. Qxb3 cxb3 22. Rfd1 Nd7 23. Bg4 N3e5 24. Be2 Nc4 25. Bg4 Rc7 26. Bc1 Nc5 27. Bf3 h5 28. Kf1 Be5 29. Kg1 Nb6 30. Ne2 Nbxa4 31. g4 hxg4 32. hxg4 Nb6 33. Bg2 Nc4 34. f4 Bg7 35. Ng3 a5 36. Kf2 a4 37. Kf3 a3 38. bxa3 b2 39. Be3 Nxa3 40. e5 Nxb1 41. Rxb1 dxe5 42. d6 exf4 0-1

[Event "ROU-chT 1st League 2019"]
[Site "Mamaia"]
[Date "2019.09.29"]
[Round "9.29"]
[White "Nevednichy, Vladislav"]
[Black "Daianu, Cristian-Clement"]
[Result "1/2-1/2"]
[ECO "B53"]
[WhiteElo "2522"]
[BlackElo "2206"]
[Annotator "ChessBase"]
[PlyCount "164"]
[EventDate "2019.09.21"]
[EventType "team-tourn"]
[EventCountry "ROU"]
[SourceTitle "playchess.com"]
[Source "ChessBase"]
[SourceQuality "1"]
[TimeControl "40/5400+30:1800+30"]

1. e4 c5 2. Nf3 d6 3. d4 cxd4 4. Qxd4 Nc6 5. Bb5 Bd7 6. Qd3 a6 7. Bxc6 Bxc6 8. c4 Nf6 9. Nc3 e6 10. O-O Be7 11. Nd4 Rc8 12. b3 O-O 13. Bb2 Qa5 14. Rfe1 Bd7 15. Rad1 Rfd8 16. h3 Bf8 17. Re2 b5 18. cxb5 axb5 19. Ndxb5 d5 20. exd5 Nxd5 21. Nxd5 Qxb5 22. Nf6+ gxf6 23. Bxf6 Qxd3 24. Rxd3 Bh6 25. Re4 Kf8 26. Red4 Ke8 27. Rh4 Bf8 28. Rxh7 Rc1+ 29. Kh2 Rdc8 30. Rh8 Bb5 31. Rd4 R1c2 32. a4 Bc6 33. Kg3 Rc3+ 34. f3 Rxb3 35. Be5 f5 36. Rdh4 Rd8 37. a5 Rb5 38. Bf4 e5 39. Bg5 f4+ 40. Kh2 Rd7 41. R4h6 Bd5 42. Rf6 Rf7 43. Rd6 Rd7 44. Rxf8+ Kxf8 45. Rxd7 Rxa5 46. h4 Bf7 47. Rd6 Rd5 48. Rb6 Rd2 49. Kh3 Bh5 50. Re6 Rd1 51. Kh2 Rd2 52. Kg1 Rd5 53. Rh6 Be8 54. Kh2 Kg7 55. Re6 Bf7 56. Rb6 Bg6 57. Rb7+ Kf8 58. Bh6+ Ke8 59. Rg7 Bf7 60. Rh7 Bg6 61. Rh8+ Kf7 62. Rf8+ Ke6 63. Bg7 Bf7 64. Rb8 Bg6 65. Bh6 Rd2 66. Rb6+ Kf7 67. Bg5 Re2 68. Rf6+ Kg7 69. Kh3 Be8 70. Kh2 Bg6 71. Kg1 Bf7 72. Rd6 e4 73. fxe4 Rxe4 74. Rf6 Bd5 75. Rf5 Be6 76. Rc5 Bg4 77. Rc7+ Kg6 78. Rc6+ Kg7 79. Rf6 Ra4 80. Kh2 Rc4 81. Rxf4 Rxf4 82. Bxf4 Kg6 1/2-1/2

[Event "ROU-chT 1st League 2019"]
[Site "Mamaia"]
[Date "2019.09.29"]
[Round "9.30"]
[White "Stanciu, Andreea-Briana"]
[Black "Costachi, Mihnea"]
[Result "0-1"]
[ECO "C44"]
[WhiteElo "1884"]
[BlackElo "2463"]
[Annotator "ChessBase"]
[PlyCount "56"]
[EventDate "2019.09.21"]
[EventType "team-tourn"]
[EventCountry "ROU"]
[SourceTitle "playchess.com"]
[Source "ChessBase"]
[SourceQuality "1"]
[TimeControl "40/5400+30:1800+30"]

1. e4 e5 2. Nf3 Nc6 3. d4 exd4 4. Nxd4 Nf6 5. Nxc6 bxc6 6. Bd3 d5 7. exd5 cxd5 8. Nc3 Be7 9. O-O O-O 10. h3 Rb8 11. Qf3 Be6 12. b3 c5 13. Bf4 Bd6 14. Rfe1 Bxf4 15. Qxf4 Qa5 16. Qf3 Kh8 17. Ne2 c4 18. Bf5 Bxf5 19. Qxf5 Rbe8 20. c3 Re4 21. Qg5 Rfe8 22. Qd2 cxb3 23. f3 Ra4 24. Nd4 Rxe1+ 25. Qxe1 b2 26. Rb1 Rxa2 27. Qe7 Ra1 28. Qf8+ Ng8 0-1